 Dungeon Crawl Stone Soup version 0.18-a0-1526-gcb34c7c (webtiles) character file.

123 GrosslyIncandescent the Insei (level 4, 0/35 HPs)
             Began as a Mummy Monk on Mar 8, 2016.
             Slain by an orc
             ... wielding a +0 flail
              (1 damage)
             ... on level 3 of the Dungeon.
             The game lasted 00:02:40 (3104 turns).

GrosslyIncandescent the Insei (Mummy Monk)          Turns: 3104, Time: 00:02:41

Health: 0/35       AC:  1    Str: 14    XL:     4   Next: 79%
Magic:  4/4        EV: 13    Int:  9    God:
Gold:   94         SH:  0    Dex: 15    Spells: 0 memorised, 3 levels left

rFire  x . .     SeeInvis +       - Unarmed
rCold  + . .     Gourm    .     (no armour)
rNeg   + + +     Faith    .     (no shield)
rPois  ∞         Spirit   .     (no helmet)
rElec  .         Dismiss  .     (no cloak)
rCorr  .         Reflect  .     b - +0 pair of gloves (curse)
SustAt .         Harm     .     (no boots)
MR     .....                    (no amulet)
Stlth  ++........               (no ring)
                                d - ring of see invisible

@: not resistant to hostile enchantments, unstealthy
A: no food or potions, fire vulnerability, cold resistance 1, negative energy
resistance 3, torment resistance, unbreathing
a: no special abilities


You were on level 3 of the Dungeon.
You were not hungry.

You visited 1 branch of the dungeon, and saw 3 of its levels.

You collected 94 gold pieces.


Innate Abilities, Weirdness & Mutations

You do not eat or drink.
Your flesh is vulnerable to fire.
You are immune to poison.
Your flesh is cold resistant.
You are immune to negative energy.
You are immune to unholy pain and torment.
You can survive without breathing.


   Skills:
 + Level 3.3 Fighting
 - Level 2.4 Dodging
 - Level 1.5 Stealth
 - Level 5.0 Unarmed Combat


You had 3 spell levels left.
You didn't know any spells.

Inventory:

Armour
 b - a cursed +0 pair of gloves (worn)
Jewellery
 d - a ring of see invisible (left hand)
Wands
 i - a wand of acid (0/15) (quivered)
Scrolls
 a - 2 scrolls of amnesia {unknown}
 c - a scroll of fog {unknown}
 e - a scroll of teleportation {unknown}
 f - 2 scrolls of identify {unknown}
 g - a scroll of immolation {unknown}
 h - a scroll of enchant weapon {unknown}

Dungeon Overview and Level Annotations

Branches:
Dungeon (3/15)

Altars:
Dithmenos
Kikubaaqudgha
Okawaru
Ru
Vehumet
Zin

Shops:
D:3

* ▒▒▒▒▒.....▒▒▒▒.▒
▒.?...▒▒▒......▒
▒.▒▒▒.▒ ▒.......
▒▒▒▒▒▒▒.▒▒▒.▒▒▒......)
................▒▒▒...
▒▒▒▒▒▒▒.▒..▒▒.▒▒▒ ▒.▒▒
▒▒o.▒...▒.▒ ▒.▒
▒▒.o...▒...▒ ▒.▒
▒.Mo..▒▒▒.▒▒ ▒.▒
▒..∩.._⌠▒.▒ ▒.▒
▒.....▒▒▒ ▒ ▒.▒
▒......▒ ▒[ ▒.▒..▒...
▒......... ▒▒ ▒▒▒▒▒▒▒


You could see 3 orcs.


Message History

The hobgoblin is lightly wounded!
You squash the hobgoblin like an ant!
The hobgoblin is almost dead!
The hobgoblin closely misses you!
You pummel the hobgoblin but do no damage!
The hobgoblin is almost dead!
The hobgoblin misses you!
You pummel the hobgoblin like a punching bag!
You annihilate the hobgoblin!!!
Found a chain mail!
Found a chain mail!
You see here a wand of acid {empty}!
i - a wand of acid {empty}
Found a stone staircase leading down!
Found a scroll labeled YFYMNY CAYJ!
An orc comes into view! It is wielding a flail!
You see here a scroll labeled YFYMNY CAYJ!
An orc comes into view! It is wielding a flail!
The orc moves out of view! x2
Found Zin's Purification Station!
An orc comes into view! It is wielding a hand axe!
The orc shouts!!! x3
Found a glowing silver altar of Zin!
The orc misses you!
The orc hits you with a flail! * * * don't die
* * * The orc hits you with a flail! * * * don't die
* * * The orc barely misses you!
The orc hits you with a flail! rip

Action                   |  1- 3 |  4- 6 || total
-------------------------+-------+-------++-------
Melee: Unarmed           |   132 |    90 ||   222
Evoke: Wand              |       |     3 ||     3
 Stab: Sleeping          |     4 |     2 ||     6
       Distracted        |       |     1 ||     1

Vault maps used:
D:1:      mainiacjoe_arrival_reflecting_pool, kennysheep_doodads,
          minmay_misc_feat_encased
D:2:      grunt_temple_overflow_open, first_bread
D:3:      zin_purify, portal_sewer_entry_c

Notes
Turn   | Place    | Note
--------------------------------------------------------------
     0 | D:1      | GrosslyIncandescent the Mummy Monk began the quest for the Orb.
     0 | D:1      | Reached XP level 1. HP: 18/18 MP: 1/1
   396 | D:1      | Reached XP level 2. HP: 22/24 MP: 2/2
   688 | D:1      | Reached skill level 4 in Unarmed Combat
  1226 | D:2      | Reached XP level 3. HP: 15/29 MP: 3/3
  1495 | D:2      | Found a radiant altar of Vehumet.
  1497 | D:2      | Found a shadowy altar of Dithmenos.
  1498 | D:2      | Found an ancient bone altar of Kikubaaqudgha.
  1499 | D:2      | Found an iron altar of Okawaru.
  1501 | D:2      | Found a sacrificial altar of Ru.
  2278 | D:2      | Reached XP level 4. HP: 28/35 MP: 4/4
  2793 | D:2      | Reached skill level 5 in Unarmed Combat
  3057 | D:3      | HP: 3/35 [adder (1)]
  3098 | D:3      | Found Zin's Purification Station.
  3100 | D:3      | Found a glowing silver altar of Zin.
  3101 | D:3      | HP: 2/35 [orc/flail (4)]
  3104 | D:3      | Slain by an orc

Vanquished Creatures
  7 adders
  2 dart slugs (D:2)
  8 bats
  4 giant cockroaches
  4 goblins
  11 hobgoblins
  7 kobolds
  2 quokkas (D:2)
  2 giant newts
  8 rats
55 creatures vanquished.
